 Dungeon Crawl Stone Soup version 0.23.2-40-g277498a001 (webtiles) character file.

Game seed: 16834335427139489229

46 Edgeworth the Sneak (level 3, -2/21 HPs)
             Began as a Kobold Assassin on Oct 23, 2019.
             Slain by an orc
             ... wielding a +0 hand axe
              (4 damage)
             ... on level 3 of the Dungeon.
             The game lasted 00:02:28 (842 turns).

Edgeworth the Sneak (Kobold Assassin)                Turns: 842, Time: 00:02:29

Health: -2/21      AC:  4    Str:  8    XL:     3   Next: 92%
Magic:  3/3        EV: 14    Int: 12    God:
Gold:   74         SH:  0    Dex: 17    Spells: 2/2 levels left

rFire    . . .     SeeInvis .   a - +2 dagger
rCold    . . .     Gourm    .   (shield restricted)
rNeg     . . .     Faith    .   c - +0 robe
rPois    .         Spirit   .   l - +0 helmet
rElec    .         Reflect  .   d - +0 cloak
rCorr    .         Harm     .   (no gloves)
MR       .....                  (no boots)
Stlth    ++++......             (no amulet)
HPRegen  0.07/turn              (no ring)
MPRegen  0.08/turn              (no ring)

@: no status effects
A: small, carnivore
a: no special abilities


You were on level 3 of the Dungeon.
You were not hungry.

You visited 1 branch of the dungeon, and saw 3 of its levels.

You collected 74 gold pieces.

Inventory:

Hand Weapons
 a - a +2 dagger (weapon)
 b - a +0 blowgun
Missiles
 e - 8 poisoned needles
 f - 2 curare-tipped needles
Armour
 c - a +0 robe (worn)
 d - a +0 cloak (worn)
 l - a +0 helmet (worn)
Scrolls
 h - a scroll of teleportation {unknown}
 k - a scroll of identify {unknown}
 m - a scroll of remove curse {unknown}
Potions
 i - a potion of berserk rage {unknown}
 j - a potion of curing {unknown}
 n - a potion of magic {unknown}
Comestibles
 g - 5 rations


   Skills:
 - Level 2.1 Fighting
 - Level 2.6 Short Blades
 - Level 2.1 Throwing
 + Level 1.4 Dodging
 * Level 7.2 Stealth


You had 2 spell levels left.
You didn't know any spells.
Your spell library was empty.

Dungeon Overview and Level Annotations

Branches:
Dungeon (3/15)

Altars:
Xom
Yredelemnul

Annotations:
D:2 Natasha, Sigmund


Innate Abilities, Weirdness & Mutations

You are small and have problems with some larger weapons.
You are carnivorous and can eat meat at any time.


Message History

* * * LOW HITPOINT WARNING * * *
The orc barely misses you.
You closely miss the orc.
The orc is heavily wounded.
The orc closely misses you. The orc hits you but does no damage.
You hit the orc.
The orc is almost dead.
The orc hits you with a +0 short sword.
* * * LOW HITPOINT WARNING * * *
The orc hits you but does no damage.
You barely miss the orc.
The orc is almost dead.
The orc closely misses you.
You hit the orc but do no damage.
The orc is almost dead.
The orc closely misses you. The orc misses you.
You barely miss the orc.
The orc is almost dead.
The orc hits you with a +0 hand axe.
You die...

#....# #############
####....#######...........#
.........'.....'............
.........#######...........#
.####....# #.†.........#
#....#######...........#
#...).)....#####.#######
#.##.##....# #.# #.
#.##@o>.# #.# .......o...#
#.# .#.##.##....# ###.####
.. #.##....# #......#
#.##....# #......# .. .....#
#......# #....# #(.....####
#.#### ###.......# #.#######


You could see 2 orcs.

Vanquished Creatures
  An adder (D:3)
  An ooze (D:3)
  2 dart slugs (D:1)
  A leopard gecko (D:2)
  2 orcs (D:3)
  A bat (D:1)
  2 giant cockroaches
  2 goblins
  2 hobgoblins
  4 kobolds (D:1)
  2 frilled lizards
  6 rats
26 creatures vanquished.

Notes
Turn   | Place    | Note
-------+----------+-------------------------------------------
     0 | D:1      | Edgeworth the Kobold Assassin began the quest for the Orb.
     0 | D:1      | Reached XP level 1. HP: 12/12 MP: 1/1
    67 | D:1      | Reached XP level 2. HP: 13/17 MP: 2/2
    85 | D:1      | Reached skill level 6 in Stealth
   528 | D:2      | Reached XP level 3. HP: 16/21 MP: 3/3
   592 | D:2      | Noticed Sigmund
   596 | D:2      | Noticed Natasha
   621 | D:3      | Found a shimmering altar of Xom.
   646 | D:3      | Reached skill level 7 in Stealth
   673 | D:3      | Found a basalt altar of Yredelemnul.
   839 | D:3      | HP: 1/21 [orc/+0 short sword (1)]
   842 | D:3      | Slain by an orc

Skill      XL: |  1  2  3 |
---------------+----------+-----
Stealth        | 6 7 |  7.2
Fighting       | |  2.1
Short Blades   | |  2.6
Throwing       | |  2.1
Dodging        | |  1.4

Action                   || total
-------------------------++-------
Melee: Dagger            ||   101
 Stab: Sleeping          ||    10
Armor: Robe              ||    10
Dodge: Dodged            ||    67
